Selects Luftwaffe Battlegroup
Selects Luftwaffe Pioneer Support
Fallschirmpioneer Squad Paradrop
Construct Infanterie Kompanie
Fallschirmpioneer Squad Paradrop
Construct Panzergrenadier Kompanie
Selects Stuka Strafing Run
Fallschirmpioneer Squad Paradrop
Selects LG40 Recoilless Gun Paradrop
Construct Panzer Kompanie
LG40 Recoilless Gun Paradrop
Selects Fallschirmjäger Squad Paradrop
Selects Fragmentation Bombs
Fallschirmjäger Squad Paradrop
Fallschirmpioneer Squad Paradrop
Fallschirmpioneer Squad Paradrop